 Dungeon Crawl Stone Soup version 0.25-a0-310-g60f0ac2d9a (webtiles) character file.

Game seed: 3498561199407583294, levelgen mode: deterministic

39 Glalom the Grave Robber (level 3, -1/19 HPs)
             Began as a Vampire Necromancer on Dec 23, 2019.
             Slain by a hobgoblin (3 damage)
             ... on level 2 of the Dungeon.
             The game lasted 00:06:11 (1927 turns).

Glalom the Grave Robber (Vampire Necromancer)       Turns: 1927, Time: 00:06:11

Health: -1/19      AC:  2    Str:  7    XL:     3   Next: 26%
Magic:  1/6        EV: 12    Int: 18    God:
Gold:   69         SH:  0    Dex: 14    Spells: 1/6 levels left

rFire    + . .     SeeInvis +   h - +0 dagger
rCold    + + .     Gourm    .   (no shield)
rNeg     + + +     Faith    .   a - +0 robe
rPois    ∞         Spirit   .   (no helmet)
rElec    .         Reflect  .   (no cloak)
rCorr    .         Harm     .   (no gloves)
MR       .....                  (no boots)
Stlth    +++++.....             (no amulet)
HPRegen  0.00/turn              k - ring of protection from fire
MPRegen  0.10/turn              (no ring)

@: bloodless
A: no food, fangs 3, see invisible, unbreathing
a: Bat Form, Revivify


You were on level 2 of the Dungeon.
You were bloodless.

You visited 1 branch of the dungeon, and saw 2 of its levels.

You collected 69 gold pieces.

Inventory:

Hand Weapons
 h - a +0 dagger (weapon)
Armour
 a - a +0 robe (worn)
Jewellery
 k - a ring of protection from fire (left hand)
 n - an uncursed ring of protection from magic {unknown}
Scrolls
 d - 2 scrolls of blinking {unknown}
 e - 2 scrolls of identify {unknown}
 g - a scroll of teleportation {unknown}
 i - a scroll of magic mapping {unknown}
 l - a scroll of enchant armour {unknown}
 m - a scroll of remove curse {unknown}
Potions
 b - a potion of haste {unknown}
 c - a potion of might {unknown}
 f - a potion of berserk rage {unknown}
 j - 2 potions of heal wounds {unknown}


   Skills:
 + Level 1.0 Short Blades
 - Level 2.1 Dodging
 - Level 4.3 Stealth
 - Level 2.0 Spellcasting
 - Level 5.0 Necromancy


You had one spell level left.
You knew the following spells:

 Your Spells              Type           Power        Failure   Level  Hunger
a - Pain                  Necr           ###.         2%          1    N/A
b - Animate Skeleton      Necr           N/A          2%          1    N/A
c - Vampiric Draining     Necr           ###.......   7%          3    N/A

Your spell library contained the following spells:

 Spells                   Type           Power        Failure   Level  Hunger
 Regeneration             Chrm/Necr      ##........   19%         3    N/A
 Animate Dead             Necr           N/A          22%         4    N/A

Dungeon Overview and Level Annotations

Branches:
Dungeon (2/15)

Altars:
Xom


Innate Abilities, Weirdness & Mutations

You do not eat.
You do not regenerate when monsters are visible.
You are frail without blood (-20% HP).
You can heal yourself when you bite living creatures.
You are immune to poison.
You have razor-sharp teeth.
You have supernaturally acute eyesight. (SInv)
You can survive without breathing.


Message History

You hit the hobgoblin.
The hobgoblin is almost dead.
The hobgoblin hits you. The dart slug launches a dart at you.
The slug dart hits you.
* * * LOW HITPOINT WARNING * * *
You hit the hobgoblin but do no damage. Your bite misses the hobgoblin.
The hobgoblin is almost dead.
The hobgoblin hits you.
* * * LOW HITPOINT WARNING * * *
You hit the hobgoblin but do no damage.
The hobgoblin is almost dead.
The hobgoblin hits you but does no damage.
You barely miss the hobgoblin.
The hobgoblin is almost dead.
The hobgoblin barely misses you.
You hit the hobgoblin but do no damage.
The hobgoblin is almost dead.
The hobgoblin hits you.
You die...

...# #.#######
.#...#. ####.......#
....... .....####.#
....≈≈≈ #.#...
#.###(.≈≈≈≈≈ ....#
##.##..≈≈≈≈≈≈
#..##...#.≈≈≈≈≈≈≈
#..g@†....≈≈≈≈≈≈_
#..##...#.≈≈≈≈≈≈≈ #..
##.....≈≈≈≈≈≈ ....
####..≈≈≈≈≈≈
..#..######....≈≈≈≈
....#.........##.....
... #..######.# ###.#
.# #.. ##.## .
#####...#######.


You could see a hobgoblin.

Vanquished Creatures
  An adder (D:2)
  An ooze (D:1)
  2 leopard geckos (D:2)
  2 giant cockroaches (D:1)
  3 hobgoblins
  3 jackals (D:1)
  3 kobolds
  A ball python (D:2)
  2 bats
  3 goblins
  A rat (D:1)
22 creatures vanquished.

Notes
Turn   | Place    | Note
-------+----------+-------------------------------------------
     0 | D:1      | Glalom the Vampire Necromancer began the quest for the Orb.
     0 | D:1      | Reached XP level 1. HP: 13/13 MP: 3/3
    11 | D:1      | Learned a level 1 spell: Animate Skeleton
   474 | D:1      | Reached skill level 5 in Necromancy
   474 | D:1      | Reached XP level 2. HP: 6/19 MP: 0/5
  1701 | D:2      | Reached XP level 3. HP: 18/24 MP: 1/6
  1772 | D:2      | Learned a level 3 spell: Vampiric Draining
  1888 | D:2      | Found a shimmering altar of Xom.
  1916 | D:2      | Reached skill level 1 in Short Blades
  1927 | D:2      | Slain by a hobgoblin

Levels and vault maps discovered:
D:1:      minmay_arrival_up_and_down, layout_basic
D:2:      layout_loops_ring, old_standard_altar, first_ration,
          lemuel_altar_in_water

Skill      XL: |  1  2  3 |
---------------+----------+-----
Necromancy     | 5 |  5.0
Stealth        | 4 |  4.3
Short Blades   | 1 |  1.0
Dodging        | |  2.1
Spellcasting   | |  2.0

Action                   || total
-------------------------++-------
Melee: Unarmed           ||    16
       Bite              ||     4
       Dagger            ||    23
 Cast: Pain              ||    54
       Animate Skeleton  ||     1
       Vampiric Draining ||     1
 Abil: Exsanguinate      ||     1
 Stab: Sleeping          ||     1
Armor: Robe              ||     5
Dodge: Dodged            ||    25

Table legend:
 A = Non-vault XP
 B = Vault XP
 C = Vault XP percentage of total XP
 D = Non-vault monster count
 E = Vault monster count
 F = Vault count percentage of total count
                 A         B        C        D         E       F
            +---------+---------+-------+---------+---------+-------
      Total |      56 |       0 |   0.0 |      22 |       0 |   0.0
            +---------+---------+-------+---------+---------+-------
        D:1 |      26 |       0 |   0.0 |      12 |       0 |   0.0
        D:2 |      30 |       0 |   0.0 |      10 |       0 |   0.0
            +---------+---------+-------+---------+---------+-------
